General information
- name: BNet
- type: Ladder team game (AT/RT)
- host: Battle.net
- saver: E-O-11
map: GolemsInTheMist
- players: 8
- length: 37:55
- speed: Fast
- version: 1.26 W3XP
- replay type: Public
» download(224 KB)
Players
team 1 (loser)

»
DaiwaSHimano (
teal | 79 APM | 1625 actions | 20:34)
3 Blademaster
2 Wind Walk
1 Critical Strike
» actions
| Assign group hotkey | 7 | |
| Basic commands | 6 | |
| Build / train | 42 | |
| Enter build submenu | 33 | |
| Enter hero's abilities submenu | 3 | |
| Give item / drop item | 1 | |
| Remove unit from queue | 1 | |
| Right click | 855 | |
| Select / deselect | 269 | |
| Select group hotkey | 302 | |
| Use ability | 106 | |
1625 total
» units
» upgrades
| Spiked Barricades | 2 | |
| Ranged Weapons | 1 | |
3 total
» buildings
| Altar of Storms | 1 | |
| Orc Burrow | 5 | |
| Barracks | 1 | |
| Voodoo Lounge | 1 | |
| War Mill | 1 | |
| Stronghold | 1 | |
| Watch Tower | 18 | |
| Great Hall | 1 | |
| Beastiary | 1 | |
| Fortress | 1 | |
31 total
» build order
00:17 Altar of Storms
00:22 Orc Burrow
00:41 Barracks
01:36 Orc Burrow
02:00 Voodoo Lounge
02:57 War Mill
03:30 Stronghold
04:13 Watch Tower
04:19 Great Hall
04:26 Watch Tower
04:28 Watch Tower
04:32 Watch Tower
05:24 Stronghold
06:13 Watch Tower
06:37 Watch Tower
06:43 Orc Burrow
06:58 Watch Tower
07:14 Watch Tower
08:43 Watch Tower
08:47 Watch Tower
08:49 Beastiary
11:02 Watch Tower
11:02 Watch Tower
11:03 Watch Tower
12:55 Fortress
12:58 Watch Tower
13:01 Watch Tower
14:25 Orc Burrow
14:26 Orc Burrow
14:48 Watch Tower
14:55 Watch Tower
» items
| Scroll of Speed | 1 | |
| Healing Salve | 3 | |
| Potion of Healing | 1 | |
5 total
WarGod (
yellow | 80 APM | 3015 actions | 37:54)
9 Blademaster
3 Wind Walk
3 Critical Strike
1 Bladestorm
2 Mirror Image
2 Far Seer
1 Feral Spirit
1 Chain Lighting
» actions
| Assign group hotkey | 177 | |
| Basic commands | 23 | |
| Build / train | 99 | |
| Enter build submenu | 49 | |
| Enter hero's abilities submenu | 11 | |
| Give item / drop item | 4 | |
| Right click | 1371 | |
| Select / deselect | 406 | |
| Select group hotkey | 613 | |
| Use ability | 262 | |
3015 total
» units
| Peon | 9 | |
| Grunt | 3 | |
| Goblin Shredder | 3 | |
| Goblin Zeppelin | 1 | |
| Troll Batrider | 11 | |
| Wind Rider | 4 | |
| Goblin Sapper | 4 | |
35 total
» upgrades
| Ranged Weapons | 3 | |
| Armor | 3 | |
| Reinforced Defenses | 1 | |
| Envenomed Spears | 1 | |
| Liquid Fire | 1 | |
| Spiked Barricades | 3 | |
| Troll Regeneration | 1 | |
13 total
» buildings
| Orc Burrow | 7 | |
| Altar of Storms | 1 | |
| Barracks | 1 | |
| Voodoo Lounge | 1 | |
| Stronghold | 1 | |
| War Mill | 1 | |
| Beastiary | 4 | |
| Watch Tower | 41 | |
| Great Hall | 4 | |
| Fortress | 1 | |
| Spirit Tower | 1 | |
63 total
» build order
00:14 Orc Burrow
00:55 Altar of Storms
00:56 Barracks
01:07 Orc Burrow
01:53 Voodoo Lounge
02:56 Stronghold
03:26 Orc Burrow
04:38 Orc Burrow
05:06 War Mill
06:43 Beastiary
06:44 Beastiary
06:44 Beastiary
07:44 Watch Tower
07:44 Watch Tower
07:45 Watch Tower
07:46 Watch Tower
08:34 Great Hall
08:35 Watch Tower
08:36 Watch Tower
10:16 Fortress
10:24 Watch Tower
10:25 Watch Tower
10:25 Watch Tower
10:26 Watch Tower
10:26 Watch Tower
10:29 Watch Tower
10:33 Watch Tower
10:34 Watch Tower
10:35 Watch Tower
14:33 Orc Burrow
14:34 Orc Burrow
15:35 Watch Tower
15:36 Watch Tower
15:39 Watch Tower
15:39 Watch Tower
15:40 Watch Tower
15:43 Watch Tower
15:45 Watch Tower
15:47 Watch Tower
15:48 Watch Tower
20:28 Orc Burrow
20:30 Beastiary
20:53 Spirit Tower
28:48 Great Hall
28:50 Watch Tower
28:51 Watch Tower
28:52 Watch Tower
28:52 Watch Tower
28:53 Watch Tower
28:53 Watch Tower
29:59 Great Hall
30:56 Watch Tower
30:57 Watch Tower
31:00 Watch Tower
34:49 Great Hall
34:52 Watch Tower
34:53 Watch Tower
34:53 Watch Tower
34:54 Watch Tower
34:55 Watch Tower
34:56 Watch Tower
34:56 Watch Tower
34:58 Watch Tower
» items
| Healing Salve | 7 | |
| Potion of Healing | 8 | |
| Potion of Mana | 8 | |
| Lesser Clarity Potion | 4 | |
| Scroll of Town Portal | 4 | |
| Orb of Lightning | 2 | |
33 total

»
Les_Barbares (
blue | 31 APM | 642 actions | 20:45)
3 Shadow Hunter
1 Healing Wave
1 Hex
1 Serpent Ward
2 Far Seer
1 Chain Lighting
1 Feral Spirit
» actions
| Assign group hotkey | 18 | |
| Basic commands | 9 | |
| Build / train | 59 | |
| Enter build submenu | 25 | |
| Enter hero's abilities submenu | 5 | |
| Give item / drop item | 2 | |
| Remove unit from queue | 2 | |
| Right click | 144 | |
| Select / deselect | 170 | |
| Select group hotkey | 153 | |
| Use ability | 55 | |
642 total
» units
| Peon | 9 | |
| Troll Headhunter/Berserker | 15 | |
| Wind Rider | 8 | |
| Kodo Beast | 2 | |
| Grunt | 1 | |
35 total
» upgrades
| Spiked Barricades | 1 | |
| Ranged Weapons | 1 | |
| Armor | 1 | |
| Troll Regeneration | 1 | |
| Envenomed Spears | 1 | |
| Reinforced Defenses | 1 | |
| War Drums Damage Increase | 1 | |
7 total
» buildings
| Orc Burrow | 5 | |
| Altar of Storms | 1 | |
| War Mill | 1 | |
| Barracks | 1 | |
| Stronghold | 1 | |
| Watch Tower | 7 | |
| Voodoo Lounge | 1 | |
| Great Hall | 1 | |
| Beastiary | 5 | |
| Fortress | 1 | |
24 total
» build order
00:15 Orc Burrow
00:21 Altar of Storms
00:47 War Mill
01:09 Barracks
02:01 Orc Burrow
03:52 Orc Burrow
05:09 Stronghold
05:24 Orc Burrow
05:28 Watch Tower
05:34 Voodoo Lounge
08:03 Great Hall
10:34 Beastiary
10:46 Beastiary
11:13 Beastiary
11:23 Beastiary
11:54 Beastiary
12:04 Watch Tower
12:09 Watch Tower
12:13 Watch Tower
12:46 Fortress
12:51 Orc Burrow
13:02 Watch Tower
14:49 Watch Tower
14:56 Watch Tower
» items
| Scroll of Town Portal | 3 | |
| Potion of Healing | 2 | |
| Lesser Clarity Potion | 1 | |
6 total

»
LiveStrongDIRTY (
orange | 54 APM | 1112 actions | 20:30)
3 Death Knight
2 Death Coil
1 Unholy Aura
» actions
| Assign group hotkey | 22 | |
| Basic commands | 3 | |
| Build / train | 49 | |
| Enter build submenu | 13 | |
| Enter hero's abilities submenu | 3 | |
| Give item / drop item | 3 | |
| Remove unit from queue | 2 | |
| Right click | 384 | |
| Select / deselect | 230 | |
| Select group hotkey | 364 | |
| Use ability | 39 | |
1112 total
» units
| Acolyte | 2 | |
| Ghoul | 2 | |
| Crypt Fiend | 8 | |
| Necromancer | 7 | |
| Obsidian Statue | 5 | |
| Meatwagon | 1 | |
25 total
» upgrades
| Creature Attack | 2 | |
| Creature Carapace | 1 | |
| Necromancer Training | 1 | |
| Skeletal Longevity | 1 | |
| Skeletal Mastery | 1 | |
6 total
» buildings
| Altar of Darkness | 1 | |
| Ziggurat | 6 | |
| Crypt | 2 | |
| Graveyard | 1 | |
| Halls of the Dead | 1 | |
| Nerubian Tower | 2 | |
| Temple of the Damned | 1 | |
| Slaughterhouse | 1 | |
| Tomb of Relics | 1 | |
| Black Citadel | 1 | |
17 total
» build order
00:38 Altar of Darkness
00:40 Ziggurat
00:56 Crypt
00:59 Crypt
01:20 Graveyard
01:44 Ziggurat
02:49 Ziggurat
05:50 Halls of the Dead
05:56 Ziggurat
07:39 Nerubian Tower
09:10 Temple of the Damned
09:14 Slaughterhouse
10:34 Tomb of Relics
13:32 Ziggurat
13:37 Ziggurat
14:44 Nerubian Tower
17:01 Black Citadel
» items
| Healing Salve | 1 | |
| Scroll of Speed | 2 | |
| Scroll of Town Portal | 2 | |
5 total
team 2 (winner)

»
stoned_oompa (
purple | 43 APM | 1623 actions | 37:54)
5 Mountain King
3 Storm Bolt
2 Bash
4 Paladin
2 Holy Light
1 Divine Shield
1 Devotion Aura
» actions
| Assign group hotkey | 32 | |
| Basic commands | 101 | |
| Build / train | 86 | |
| ESC pressed | 2 | |
| Enter build submenu | 32 | |
| Enter hero's abilities submenu | 9 | |
| Remove unit from queue | 1 | |
| Right click | 560 | |
| Select / deselect | 361 | |
| Select group hotkey | 348 | |
| Use ability | 88 | |
1623 total
» units
| Peasant | 21 | |
| Footman | 13 | |
| Siege Engine | 7 | |
| Priest | 4 | |
| Knight | 5 | |
50 total
» upgrades
| Defend | 1 | |
| Swords | 1 | |
| Plating | 3 | |
| Lumber Harvesting | 1 | |
| Barrage | 1 | |
| Priest Training | 2 | |
| Gunpowder | 2 | |
| Animal War Training | 1 | |
12 total
» buildings
| Altar of Kings | 1 | |
| Farm | 13 | |
| Barracks | 1 | |
| Lumber Mill | 1 | |
| Arcane Vault | 1 | |
| Keep | 3 | |
| Blacksmith | 2 | |
| Scout Tower | 5 | |
| Guard Tower | 3 | |
| Workshop | 1 | |
| Town Hall | 5 | |
| Castle | 1 | |
| Arcane Sanctum | 1 | |
38 total
» build order
00:10 Altar of Kings
00:16 Farm
00:25 Barracks
00:58 Farm
01:39 Farm
02:07 Lumber Mill
02:37 Farm
03:07 Farm
03:18 Arcane Vault
04:31 Farm
04:34 Keep
04:41 Blacksmith
05:11 Scout Tower
05:14 Scout Tower
06:22 Guard Tower
06:24 Scout Tower
07:17 Scout Tower
07:18 Guard Tower
07:23 Workshop
07:47 Guard Tower
07:51 Town Hall
10:10 Castle
10:27 Town Hall
11:08 Arcane Sanctum
11:34 Town Hall
12:06 Farm
13:11 Farm
13:19 Scout Tower
15:08 Farm
18:49 Town Hall
21:19 Town Hall
21:27 Farm
21:29 Farm
21:29 Farm
23:33 Farm
27:44 Keep
27:47 Keep
29:05 Blacksmith
» items
| Scroll of Regeneration | 1 | |
| Scroll of Town Portal | 2 | |
| Lesser Clarity Potion | 1 | |
| Potion of Healing | 1 | |
5 total
GimmeDatCrackYo (
green | 50 APM | 1544 actions | 30:58)
3 Archmage
1 Summon Water Elemental
2 Brilliance Aura
4 Mountain King
2 Storm Bolt
2 Bash
3 Paladin
2 Holy Light
1 Divine Shield
» actions
| Assign group hotkey | 39 | |
| Basic commands | 38 | |
| Build / train | 71 | |
| Enter build submenu | 21 | |
| Enter hero's abilities submenu | 10 | |
| Give item / drop item | 3 | |
| Remove unit from queue | 2 | |
| Right click | 547 | |
| Select / deselect | 368 | |
| Select group hotkey | 306 | |
| Use ability | 139 | |
1544 total
» units
| Peasant | 9 | |
| Footman | 6 | |
| Priest | 5 | |
| Knight | 5 | |
| Siege Engine | 5 | |
| Spell Breaker | 1 | |
31 total
» upgrades
| Defend | 1 | |
| Priest Training | 2 | |
| Barrage | 1 | |
| Swords | 1 | |
| Plating | 1 | |
| Magic Sentry | 1 | |
| Gunpowder | 1 | |
| Masonry | 1 | |
9 total
» buildings
| Altar of Kings | 1 | |
| Farm | 10 | |
| Barracks | 1 | |
| Scout Tower | 1 | |
| Arcane Tower | 1 | |
| Arcane Vault | 2 | |
| Lumber Mill | 1 | |
| Keep | 1 | |
| Blacksmith | 2 | |
| Castle | 1 | |
| Arcane Sanctum | 1 | |
| Workshop | 2 | |
24 total
» build order
00:14 Altar of Kings
00:17 Farm
00:58 Farm
01:14 Barracks
01:35 Scout Tower
01:58 Farm
02:10 Arcane Tower
02:45 Arcane Vault
03:08 Lumber Mill
03:22 Farm
03:30 Arcane Vault
04:13 Farm
04:36 Keep
05:00 Farm
05:29 Blacksmith
05:43 Farm
05:47 Blacksmith
06:53 Farm
08:04 Castle
08:12 Arcane Sanctum
08:18 Workshop
15:07 Farm
15:08 Farm
18:10 Workshop
» items
| Scroll of Regeneration | 2 | |
| Lesser Clarity Potion | 1 | |
| Rod of Necromancy | 1 | |
| Scroll of Town Portal | 1 | |
| Potion of Healing | 2 | |
| Potion of Mana | 2 | |
| Orb of Fire | 3 | |
12 total
E-O-11 (
pink | 86 APM | 3274 actions | 37:55)
5 Blood Mage
3 Flame Strike
2 Siphon Mana
» actions
| Assign group hotkey | 32 | |
| Basic commands | 386 | |
| Build / train | 184 | |
| Enter build submenu | 60 | |
| Enter hero's abilities submenu | 5 | |
| Give item / drop item | 2 | |
| Right click | 1210 | |
| Select / deselect | 477 | |
| Select group hotkey | 766 | |
| Use ability | 152 | |
3274 total
» units
| Peasant | 23 | |
| Footman | 17 | |
| Goblin Shredder | 5 | |
| Sorceress | 1 | |
| Goblin Sapper | 24 | |
| Gryphon Rider | 3 | |
73 total
» upgrades
| Defend | 1 | |
| Masonry | 3 | |
| Lumber Harvesting | 2 | |
| Magic Sentry | 1 | |
| Swords | 3 | |
| Sorceress Training | 2 | |
| Armor | 3 | |
| Animal War Training | 1 | |
| Storm Hammers | 1 | |
| Cloud | 1 | |
18 total
» buildings
| Altar of Kings | 1 | |
| Farm | 13 | |
| Barracks | 1 | |
| Scout Tower | 27 | |
| Arcane Tower | 4 | |
| Town Hall | 3 | |
| Arcane Vault | 1 | |
| Keep | 4 | |
| Lumber Mill | 1 | |
| Guard Tower | 44 | |
| Blacksmith | 2 | |
| Castle | 2 | |
| Arcane Sanctum | 1 | |
| Gryphon Aviary | 7 | |
111 total
» build order
00:11 Altar of Kings
00:14 Farm
00:17 Barracks
00:52 Farm
01:38 Farm
02:10 Scout Tower
02:38 Arcane Tower
02:39 Arcane Tower
03:10 Farm
03:59 Town Hall
04:50 Farm
05:33 Scout Tower
05:37 Scout Tower
05:40 Arcane Vault
06:10 Arcane Tower
06:39 Keep
06:39 Keep
06:43 Lumber Mill
07:04 Scout Tower
07:06 Scout Tower
07:22 Scout Tower
07:24 Scout Tower
07:27 Guard Tower
07:28 Guard Tower
07:28 Guard Tower
07:32 Guard Tower
07:32 Guard Tower
07:33 Guard Tower
08:12 Guard Tower
08:12 Guard Tower
08:24 Guard Tower
08:24 Guard Tower
08:27 Scout Tower
08:30 Scout Tower
08:49 Blacksmith
08:52 Blacksmith
08:56 Guard Tower
08:56 Guard Tower
09:00 Castle
09:01 Castle
09:04 Arcane Sanctum
10:28 Scout Tower
10:30 Scout Tower
11:17 Town Hall
11:19 Scout Tower
11:20 Scout Tower
11:22 Scout Tower
11:25 Scout Tower
11:28 Scout Tower
11:30 Scout Tower
11:36 Scout Tower
11:48 Guard Tower
11:54 Guard Tower
12:13 Guard Tower
12:13 Guard Tower
12:13 Guard Tower
12:14 Guard Tower
12:14 Guard Tower
12:14 Guard Tower
12:15 Guard Tower
12:15 Guard Tower
12:15 Guard Tower
12:15 Guard Tower
12:23 Guard Tower
12:55 Scout Tower
12:58 Scout Tower
13:01 Scout Tower
13:15 Gryphon Aviary
13:16 Gryphon Aviary
13:17 Gryphon Aviary
13:18 Gryphon Aviary
13:19 Gryphon Aviary
13:20 Gryphon Aviary
13:22 Gryphon Aviary
14:20 Guard Tower
14:43 Scout Tower
14:44 Scout Tower
14:47 Scout Tower
14:49 Scout Tower
15:26 Guard Tower
15:27 Guard Tower
15:27 Guard Tower
16:32 Farm
16:32 Farm
16:33 Farm
16:34 Farm
16:36 Farm
16:38 Farm
16:39 Farm
16:41 Farm
18:00 Guard Tower
18:00 Guard Tower
26:11 Town Hall
26:13 Scout Tower
26:15 Scout Tower
27:27 Guard Tower
27:28 Guard Tower
» items
| Scroll of Regeneration | 4 | |
| Lesser Clarity Potion | 2 | |
| Scroll of Town Portal | 3 | |
| Potion of Healing | 4 | |
| Mechanical Critter | 2 | |
| Ivory Tower | 2 | |
| Orb of Fire | 1 | |
| Staff of Sanctuary | 1 | |
| Orb of Corruption | 1 | |
20 total

»
site187g (
red | 34 APM | 1278 actions | 37:54)
5 Death Knight
2 Death Coil
1 Death Pact
2 Unholy Aura
» actions
| Assign group hotkey | 16 | |
| Basic commands | 51 | |
| Build / train | 61 | |
| ESC pressed | 2 | |
| Enter build submenu | 34 | |
| Enter hero's abilities submenu | 5 | |
| Give item / drop item | 2 | |
| Right click | 270 | |
| Select / deselect | 414 | |
| Select group hotkey | 371 | |
| Use ability | 52 | |
1278 total
» units
| Acolyte | 17 | |
| Ghoul | 5 | |
| Crypt Fiend | 16 | |
| Frost Wyrm | 1 | |
39 total
» upgrades
| Creature Attack | 3 | |
| Web | 1 | |
| Freezing Breath | 1 | |
5 total
» buildings
| Altar of Darkness | 1 | |
| Crypt | 1 | |
| Ziggurat | 18 | |
| Graveyard | 1 | |
| Tomb of Relics | 1 | |
| Nerubian Tower | 3 | |
| Halls of the Dead | 1 | |
| Sacrificial Pit | 1 | |
| Black Citadel | 1 | |
| Necropolis | 2 | |
| Boneyard | 2 | |
| Spirit Tower | 4 | |
36 total
» build order
00:08 Altar of Darkness
00:12 Crypt
00:33 Ziggurat
01:03 Graveyard
01:14 Ziggurat
03:15 Tomb of Relics
03:59 Ziggurat
04:32 Nerubian Tower
04:33 Halls of the Dead
05:00 Ziggurat
07:30 Sacrificial Pit
09:17 Black Citadel
09:54 Necropolis
10:00 Ziggurat
10:02 Ziggurat
11:31 Ziggurat
11:58 Ziggurat
12:39 Ziggurat
12:42 Ziggurat
12:45 Ziggurat
12:47 Ziggurat
13:06 Boneyard
13:14 Nerubian Tower
13:46 Ziggurat
14:09 Ziggurat
14:32 Boneyard
14:48 Spirit Tower
14:49 Spirit Tower
15:06 Spirit Tower
15:07 Nerubian Tower
16:51 Spirit Tower
16:53 Ziggurat
16:56 Ziggurat
20:51 Necropolis
22:17 Ziggurat
22:21 Ziggurat
» items
Chat log
(00:03 / All) GimmeDatCrackYo: v
(00:22 / Allies) site187g: so
(00:23 / Allies) site187g: rush??
(00:24 / All) GimmeDatCrackYo: SMOKE ROCK?
(00:28 / All) stoned_oompa: yea
(00:28 / All) site187g: yeah
(00:34 / All) WarGod: despite all my rage I am still just a rat in a cage
(00:52 / All) GimmeDatCrackYo: sounds like you need some crack in yo diet
(00:55 / Allies) stoned_oompa: units?
(00:59 / Allies) site187g: spiders
(01:01 / Allies) GimmeDatCrackYo: drug dealers
(01:47 / Allies) GimmeDatCrackYo: make sure u get a fuckin tower
(02:29 / All) WarGod: JESUS WAS AN ONLY SON FOR YOUUUUU
(02:40 / All) GimmeDatCrackYo: you smoke crack yellow?
(02:51 / All) WarGod: Someone will say what is lost can never be saved
(02:52 / All) GimmeDatCrackYo: i can get you started
(02:54 / All) GimmeDatCrackYo: im your man
(03:19 / Allies) site187g: make shops also plz
(03:21 / Allies) site187g: getting dust
(03:24 / Allies) site187g: idk if they got orc
(03:32 / Allies) stoned_oompa: come red
(03:45 / Allies) GimmeDatCrackYo: pinik
(03:49 / Allies) E-O-11: sup
(04:11 / Allies) stoned_oompa: ring pls
(04:19 / Allies) stoned_oompa: thx
(05:13 / Allies) GimmeDatCrackYo: purple
(05:14 / Allies) GimmeDatCrackYo: i help u
(05:34 / Allies) stoned_oompa: b
(05:45 / Allies) site187g: they gonna hit
(05:52 / Allies) GimmeDatCrackYo: hope yall got defend
(05:57 / Allies) stoned_oompa: yes
(06:10 / Allies) GimmeDatCrackYo: red
(06:11 / Allies) GimmeDatCrackYo: pass rod
(06:24 / Allies) GimmeDatCrackYo: red summon skelly and pass rod
(06:27 / Allies) stoned_oompa: tower rred
(06:47 / Allies) GimmeDatCrackYo: attack them
(06:51 / Allies) site187g: they creeping together
(06:52 / Allies) site187g: easy
(07:11 / Allies) GimmeDatCrackYo: lol
(07:13 / Allies) GimmeDatCrackYo: blu
(07:25 / Allies) GimmeDatCrackYo: no aura red?
(07:29 / Allies) GimmeDatCrackYo: kinda weak
(08:10 / All) DaiwaSHimano: very fast
(08:12 / All) DaiwaSHimano: tp
(08:22 / All) E-O-11: don't want to overextend
(08:33 / Allies) site187g: get hero
(08:35 / Allies) site187g: get DK
(08:42 / Allies) site187g: GETG THE DK
(09:23 / Allies) GimmeDatCrackYo: bolt bm
(09:24 / Allies) GimmeDatCrackYo: purple
(09:35 / Allies) GimmeDatCrackYo: wow
(09:36 / Allies) GimmeDatCrackYo: slow
(11:24 / Allies) GimmeDatCrackYo: pink im making master priests
(11:29 / Allies) GimmeDatCrackYo: can u get sorc or breaks?
(11:52 / All) site187g: lawl
(11:54 / All) site187g: someone map hacks
(11:58 / Allies) GimmeDatCrackYo: ?
(12:04 / Allies) GimmeDatCrackYo: pinks towers have sentry...
(12:09 / Allies) site187g: they suddently saw my shad
(12:13 / Allies) site187g: with
(12:19 / Allies) GimmeDatCrackYo: coil bm
(12:26 / All) Les_Barbares: someone is just smarter than you red
(12:48 / Allies) GimmeDatCrackYo: red
(12:51 / Allies) GimmeDatCrackYo: get aura on dk man
(12:53 / Allies) GimmeDatCrackYo: at least lvl 1
(13:36 / Allies) stoned_oompa: main
(13:57 / Allies) GimmeDatCrackYo: nice
(13:58 / Allies) GimmeDatCrackYo: nice
(14:00 / All) stoned_oompa: rape
(14:10 / Allies) GimmeDatCrackYo: lesson of the day: never tp to expo
(15:27 / Allies) E-O-11: wood
(15:31 / All) site187g: lawl
(17:12 / Allies) site187g: bats
(17:13 / Allies) site187g: lawl
(17:18 / All) site187g: hahga
(17:23 / Allies) stoned_oompa: not yellow
(17:53 / Allies) GimmeDatCrackYo: pink what are u planning?
(17:58 / Allies) GimmeDatCrackYo: gonna bs us?
(18:16 / All) WarGod: was afk lucky prick
(18:43 / Allies) GimmeDatCrackYo: guys look at pink
(18:47 / Allies) GimmeDatCrackYo: hes gonna fuckin bs us lol
(19:54 / All) E-O-11: lol
(20:15 / All) WarGod: lawls shit
(20:30 / All) LiveStrongDIRTY: why team could not be any worse lol
(22:07 / Allies) site187g: lvl 6 bm
(22:08 / Allies) site187g: lol
(22:13 / Allies) GimmeDatCrackYo: w.e
(22:18 / Allies) GimmeDatCrackYo: my 3 heros will own him lol
(22:27 / Allies) site187g: wow
(22:29 / Allies) site187g: wasnt payng attention
(22:36 / Allies) GimmeDatCrackYo: lol he cant do shit
(22:56 / All) WarGod: HOW CAN ONE MAN HAVE ALL DIS POWAH
(22:58 / All) site187g: lucky my wife jumped into my legs
(23:05 / All) E-O-11: did she find anything?
(23:14 / All) site187g: just my dick
(23:33 / Allies) GimmeDatCrackYo: gold plz
(23:39 / Allies) E-O-11: gold for wood
(23:42 / Allies) site187g: lawl
(23:48 / Allies) GimmeDatCrackYo: i told u
(23:50 / Allies) GimmeDatCrackYo: pinks noob lol
(23:56 / Allies) GimmeDatCrackYo: i can see that shit a mile away
(24:03 / Allies) GimmeDatCrackYo: he thinks hes clever lol
(24:14 / Allies) site187g: so hes with god
(24:17 / Allies) site187g: i remember these kids
(24:26 / Allies) site187g: he waits till end of game to TK
(24:27 / All) E-O-11: "so hes with god" "i remember these kids"
(24:37 / All) WarGod: God's good buddy
(24:38 / Allies) stoned_oompa: nice pink
(25:25 / All) site187g: lol sad what u have to resolve to win
(25:27 / Allies) stoned_oompa: pink no
(25:36 / Allies) stoned_oompa: wtf?
(25:44 / Allies) site187g: stoned
(25:47 / Allies) site187g: where u not payng attention
(25:51 / Allies) site187g: hes sucking wars dick
(26:20 / Allies) site187g: ok ill just minimize
(27:12 / Allies) stoned_oompa: dust
(27:22 / Allies) stoned_oompa: his bm is killin me hard
(27:30 / Allies) GimmeDatCrackYo: its over
(27:32 / Allies) GimmeDatCrackYo: pinks a pussy
(27:43 / Allies) GimmeDatCrackYo: we won this tho
(27:44 / Allies) GimmeDatCrackYo: 3v1
(27:48 / Allies) GimmeDatCrackYo: 3v4***
(27:49 / All) E-O-11: You never won this
(27:54 / All) E-O-11: The game was rigged from the start
(27:56 / Allies) GimmeDatCrackYo: gg purp
(27:57 / All) E-O-11: We do this all the time
(27:58 / Allies) GimmeDatCrackYo: gg red
(27:59 / All) E-O-11: you are just more victims
(28:01 / Allies) GimmeDatCrackYo: we kicked ass
(28:09 / All) E-O-11: green is comforting my team lol
(28:19 / Allies) GimmeDatCrackYo: pink ur pretty dumb
(28:24 / Allies) GimmeDatCrackYo: i can smell ur dumb plan a mile away
(28:32 / All) E-O-11: oh? then why didn't you do something before I killed all of you?
(28:38 / Allies) GimmeDatCrackYo: cuz i dont care
(28:39 / Allies) GimmeDatCrackYo: lol
(28:42 / Allies) GimmeDatCrackYo: just a game
(28:44 / All) E-O-11: then leave and find a new game
(28:45 / Allies) GimmeDatCrackYo: get a life kiddo
(28:47 / All) E-O-11: you obviously care
(28:49 / All) E-O-11: if you are still here
(28:53 / Allies) GimmeDatCrackYo: i will when im done having fun with this one
(28:57 / Allies) GimmeDatCrackYo: lol amature
(29:16 / Allies) GimmeDatCrackYo: puple
(29:21 / Allies) GimmeDatCrackYo: stay close to my hero
(29:24 / Allies) GimmeDatCrackYo: dont pslit up
(29:26 / Allies) GimmeDatCrackYo: careless
(30:48 / Allies) GimmeDatCrackYo: gg red n purp
(31:05 / Allies) stoned_oompa: pink wtf foreal
(31:11 / All) WarGod: you guys want win?
(31:16 / All) WarGod: want me to leavE?
(31:48 / All) stoned_oompa: pink sabotaged us
(32:12 / All) WarGod: |did he?
(32:18 / All) WarGod: why would he do that?
(32:21 / All) WarGod: doesn't he care about his record?
(33:49 / All) WarGod: SAMURO THE RONIN SAMURAI
(34:38 / All) WarGod: leave dummies you lose
(35:37 / All) WarGod: brb
(37:38 / All) E-O-11: Any last words, purple and red?